NWL (28 & UNDER)
BISMARCK BARONS @ LA CROSSE LOGGERS
09/09/2027
 
TOP OF THE 1ST
Bismarck Barons batting - Pitching for La Crosse Loggers : LHP Ben Reyes
Pitching: LHP Ben Reyes
Batting: SHB Álex Hernández 0-0: Ball
1-0: Ball
2-0: Called Strike
2-1: Called Strike
2-2: Foul Ball, location: 2F
2-2: Ball
3-2: Foul Ball, location: 2F
3-2: Base on Balls
Batting: RHB Fernando Castellanos Pickoff Throw to First - Error! E1
Álex Hernández to second
0-0: Called Strike
0-1: Ball
1-1: Swinging Strike
1-2: Strikes out swinging
Batting: RHB Seiji Kouno 0-0: Ball
1-0: Ball
2-0: DOUBLE (Line Drive, 7LD)
Álex Hernández scores
Pitching: RHP Ray Adams
Batting: RHB Esteban Lara 0-0: Ball
1-0: Ball
2-0: Ball
3-0: Base on Balls
Batting: LHB John Frost 0-0: Ball
1-0: Ball
2-0: Called Strike
2-1: SINGLE (Groundball, 6MD)
Seiji Kouno to third
Esteban Lara to second
Runner from 3rd tries for Home, SAFE, throw made home
Esteban Lara to third
John Frost to second
Batting: RHB Dennis Garner 0-0: Ball
1-0: Fly out, F8 (Flyball, 8RS)
Batting: RHB Félix Trevino 0-0: Fly out, F9 (Line Drive, 9)
Top of the 1st over - 2 run(s), 2 hit(s), 1 error(s), 2 left on base; Bismarck 2 - La Crosse 0
BOTTOM OF THE 1ST
La Crosse Loggers batting - Pitching for Bismarck Barons : RHP Gene McNeil
Pitching: RHP Gene McNeil
Batting: RHB Aurelio Cruz 0-0: Ball
1-0: Ball
2-0: Ground out 1-3 (Groundball, 13)
Batting: SHB Dave Henley 0-0: Called Strike
0-1: Ball
1-1: Ball
2-1: Ball
3-1: Base on Balls
Batting: LHB Ramón Morales 0-0: Called Strike
0-1: Ball
1-1: Ball
2-1: Foul Ball, location: 2F
2-2: Foul Ball, location: 2F
2-2: Strikes out swinging
Batting: RHB Francisco Rodríguez 0-0: Ball
1-0: Ball
2-0: Ball
3-0: Base on Balls
Dave Henley to second
Batting: RHB Júlio Sánchez 0-0: Ball
1-0: Foul Ball, location: 2F
1-1: Fly out, F8 (Flyball, 78D)
Bottom of the 1st over - 0 run(s), 0 hit(s), 0 error(s), 2 left on base; Bismarck 2 - La Crosse 0
TOP OF THE 2ND
Bismarck Barons batting - Pitching for La Crosse Loggers : RHP Ray Adams
Batting: RHB Pancho Torres 0-0: Foul Ball, location: 2F
0-1: Foul Ball, location: 2F
0-2: Ball
1-2: Ground out 6-3 (Groundball, 6S)
Batting: RHB Felipe Domínguez 0-0: Swinging Strike
0-1: Called Strike
0-2: Ball
1-2: Strikes out swinging
Batting: SHB Álex Hernández 0-0: Foul Ball, location: 2F
0-1: Ball
1-1: Foul Ball, location: 2F
1-2: Ground out 4-3 (Groundball, 4)
Top of the 2nd over - 0 run(s), 0 hit(s), 0 error(s), 0 left on base; Bismarck 2 - La Crosse 0
BOTTOM OF THE 2ND
La Crosse Loggers batting - Pitching for Bismarck Barons : RHP Gene McNeil
Batting: LHB Ralph Cobb 0-0: Fly out, F9 (Line Drive, 9LM)
Batting: RHB Mark Arnold 0-0: Ball
1-0: Swinging Strike
1-1: Called Strike
1-2: Strikes out looking
Batting: RHB Juan García 0-0: Ground out 4-3 (Groundball, 4S)
Bottom of the 2nd over - 0 run(s), 0 hit(s), 0 error(s), 0 left on base; Bismarck 2 - La Crosse 0
TOP OF THE 3RD
Bismarck Barons batting - Pitching for La Crosse Loggers : RHP Ray Adams
Batting: RHB Fernando Castellanos 0-0: Ball
1-0: Fly out, F9 (Flyball, 9)
Batting: RHB Seiji Kouno 0-0: Foul Ball, location: 2F
0-1: Ball
1-1: Ball
2-1: Swinging Strike
2-2: Strikes out swinging
Batting: RHB Esteban Lara 0-0: Ball
1-0: Foul Ball, location: 2F
1-1: Ball
2-1: Ball
3-1: Base on Balls
Batting: LHB John Frost 0-0: Ball
1-0: Called Strike
1-1: Swinging Strike
1-2: Strikes out swinging
Top of the 3rd over - 0 run(s), 0 hit(s), 0 error(s), 1 left on base; Bismarck 2 - La Crosse 0
BOTTOM OF THE 3RD
La Crosse Loggers batting - Pitching for Bismarck Barons : RHP Gene McNeil
Batting: SHB José González 0-0: Foul Ball, location: 2F
0-1: SOLO HOME RUN (Flyball, 89XD), Distance : 389 ft
Batting: RHB Aurelio Cruz 0-0: SINGLE (Groundball, 34S) (infield hit)
Batting: SHB Dave Henley 0-0: Called Strike
0-1: Ball
1-1: Ball
Aurelio Cruz is caught stealing 2nd base
2-1: Ground out 4-3 (Groundball, 4)
Batting: LHB Ramón Morales 0-0: Ball
1-0: Ball
2-0: Ball
3-0: Called Strike
3-1: Fly out, F6 (Line Drive, 6M)
Bottom of the 3rd over - 1 run(s), 2 hit(s), 0 error(s), 0 left on base; Bismarck 2 - La Crosse 1
TOP OF THE 4TH
Bismarck Barons batting - Pitching for La Crosse Loggers : RHP Ray Adams
Batting: RHB Dennis Garner 0-0: Swinging Strike
0-1: Ball
1-1: Swinging Strike
1-2: Ball
2-2: Ball
3-2: Strikes out swinging
Batting: RHB Félix Trevino 0-0: Foul Ball, location: 2F
0-1: Ball
1-1: Ball
2-1: Foul Ball, location: 2F
2-2: SINGLE (Line Drive, 8LS)
Batting: RHB Pancho Torres 0-0: Called Strike
0-1: Foul Ball, location: 2F
0-2: Foul Ball, location: 2F
0-2: Foul Ball, location: 2F
0-2: Ball
1-2: Fly out, F6 (Flyball, 6D)
Batting: RHB Felipe Domínguez 0-0: Called Strike
0-1: Swinging Strike
0-2: Strikes out swinging
Top of the 4th over - 0 run(s), 1 hit(s), 0 error(s), 1 left on base; Bismarck 2 - La Crosse 1
BOTTOM OF THE 4TH
La Crosse Loggers batting - Pitching for Bismarck Barons : RHP Gene McNeil
Batting: RHB Francisco Rodríguez 0-0: Called Strike
0-1: Swinging Strike
0-2: Ball
1-2: Strikes out swinging
Batting: RHB Júlio Sánchez 0-0: Ball
1-0: Foul Ball, location: 2F
1-1: SINGLE (Flyball, 89S)
Batting: LHB Ralph Cobb 0-0: Ball
1-0: Ground out U3 (Groundball, 3S)
Júlio Sánchez to second
Batting: RHB Mark Arnold 0-0: Ball
1-0: Ball
2-0: Ball
3-0: Base on Balls
Batting: RHB Juan García 0-0: Swinging Strike
0-1: Swinging Strike
0-2: Ball
1-2: Foul Ball, location: 2F
1-2: Strikes out looking
Bottom of the 4th over - 0 run(s), 1 hit(s), 0 error(s), 2 left on base; Bismarck 2 - La Crosse 1
TOP OF THE 5TH
Bismarck Barons batting - Pitching for La Crosse Loggers : RHP Ray Adams
Batting: SHB Álex Hernández 0-0: Ball
1-0: Fly out, F7 (Flyball, 7)
Batting: RHB Fernando Castellanos 0-0: Called Strike
0-1: SINGLE (Line Drive, 9LS)
Batting: RHB Seiji Kouno 0-0: Ball
1-0: Foul Ball, location: 2F
1-1: Swinging Strike
1-2: Ball
2-2: Strikes out looking
Batting: RHB Esteban Lara 0-0: Foul Ball, location: 2F
0-1: Swinging Strike
0-2: Ball
1-2: Ball
2-2: SINGLE (Groundball, 56) (infield hit)
Fernando Castellanos to second
Batting: LHB John Frost 0-0: Called Strike
0-1: Ball
1-1: Ball
2-1: Foul Ball, location: 2F
2-2: Strikes out swinging
Top of the 5th over - 0 run(s), 2 hit(s), 0 error(s), 2 left on base; Bismarck 2 - La Crosse 1
BOTTOM OF THE 5TH
La Crosse Loggers batting - Pitching for Bismarck Barons : RHP Gene McNeil
Batting: SHB José González 0-0: Ball
1-0: Ball
2-0: Called Strike
2-1: Ball
3-1: Foul Ball, location: 2F
3-2: Foul Ball, location: 2F
3-2: Ground out 6-3 (Groundball, 6M)
Batting: RHB Aurelio Cruz 0-0: Ball
1-0: Swinging Strike
1-1: DOUBLE (Line Drive, 78D)
Batting: SHB Dave Henley 0-0: Fly out, F7 (Flyball, 7LMF)
Batting: LHB Ramón Morales 0-0: SINGLE (Line Drive, 8LS)
Aurelio Cruz to third
Runner from 3rd tries for Home, SAFE, no throw
Batting: RHB Francisco Rodríguez 0-0: Ball
1-0: Called Strike
1-1: Hit by Pitch
Ramón Morales to second
Batting: RHB Júlio Sánchez 0-0: Foul Ball, location: 2F
0-1: Fielders Choice at 2nd, 4-6 (Groundball, 4)
Bottom of the 5th over - 1 run(s), 2 hit(s), 0 error(s), 1 left on base; Bismarck 2 - La Crosse 2
TOP OF THE 6TH
Bismarck Barons batting - Pitching for La Crosse Loggers : RHP Ray Adams
Batting: RHB Dennis Garner 0-0: Swinging Strike
0-1: Ground out U3 (Groundball, 34)
Batting: RHB Félix Trevino 0-0: Ball
1-0: Ball
2-0: Ball
3-0: Base on Balls
Batting: RHB Pancho Torres 0-0: Ball
1-0: Swinging Strike
1-1: Swinging Strike
1-2: Strikes out swinging
Batting: RHB Felipe Domínguez 0-0: Called Strike
0-1: Foul Ball, location: 2F
0-2: Ball
1-2: Strikes out swinging
Top of the 6th over - 0 run(s), 0 hit(s), 0 error(s), 1 left on base; Bismarck 2 - La Crosse 2
BOTTOM OF THE 6TH
La Crosse Loggers batting - Pitching for Bismarck Barons : RHP Gene McNeil
Batting: LHB Ralph Cobb 0-0: Foul Ball, location: 2F
0-1: Ground out 6-3 (Groundball, 6M)
Batting: RHB Mark Arnold 0-0: DOUBLE (Line Drive, 7LS)
Batting: RHB Juan García 0-0: Foul Ball, location: 2F
0-1: Ball
1-1: Ground out 6-3 (Groundball, 6)
Batting: SHB José González 0-0: Foul Ball, location: 2F
0-1: Swinging Strike
0-2: SINGLE (Line Drive, 9LS)
Mark Arnold to third
Pitching: RHP Edgar Villa
Batting: RHB Aurelio Cruz 0-0: Hit by Pitch
José González to second
Batting: SHB Dave Henley 0-0: Ball
1-0: Ball
2-0: Called Strike
2-1: Ball
3-1: Fielders Choice at 2nd, 6-4 (Groundball, 6)
Bottom of the 6th over - 0 run(s), 2 hit(s), 0 error(s), 2 left on base; Bismarck 2 - La Crosse 2
TOP OF THE 7TH
Bismarck Barons batting - Pitching for La Crosse Loggers : RHP Ray Adams
Batting: SHB Álex Hernández 0-0: Swinging Strike
0-1: Hit by Pitch
Pitching: RHP Michael Peterson
Batting: RHB Fernando Castellanos 0-0: Ball
Pickoff Throw by Catcher to First - Error! E2
Álex Hernández to second
1-0: Ball
2-0: Ball
3-0: Called Strike
3-1: Called Strike
3-2: Base on Balls
Batting: RHB Seiji Kouno 0-0: Grounds into double play, 5-4-3 (Groundball, 5)
Álex Hernández to third
Pinch Hitting: SHB Manuel Hegnauer 0-0: Called Strike
0-1: Called Strike
0-2: DOUBLE (Line Drive, 9LM)
Álex Hernández scores
Batting: LHB John Frost 0-0: Ball
1-0: Ball
2-0: Ball
3-0: Base on Balls
Pinch Hitting: RHB Jon Krohne 0-0: Swinging Strike
0-1: Called Strike
0-2: Foul Ball, location: 2F
0-2: Fly out, F9 (Flyball, 9S)
Top of the 7th over - 1 run(s), 1 hit(s), 1 error(s), 2 left on base; Bismarck 3 - La Crosse 2
BOTTOM OF THE 7TH
La Crosse Loggers batting - Pitching for Bismarck Barons : RHP Edgar Villa
Now at 3B: Jon Krohne
Now at SS: Michael Thomas
Batting: LHB Ramón Morales 0-0: Swinging Strike
0-1: Called Strike
0-2: Ball
1-2: Foul Ball, location: 2F
1-2: Ball
2-2: Ball
3-2: Fly out, F9 (Line Drive, 9)
Batting: RHB Francisco Rodríguez 0-0: Swinging Strike
0-1: Foul Ball, location: 2F
0-2: Strikes out looking
Batting: RHB Júlio Sánchez 0-0: Fly out, F8 (Flyball, 8RD)
Bottom of the 7th over - 0 run(s), 0 hit(s), 0 error(s), 0 left on base; Bismarck 3 - La Crosse 2
TOP OF THE 8TH
Bismarck Barons batting - Pitching for La Crosse Loggers : RHP Michael Peterson
Batting: RHB Félix Trevino 0-0: Ball
1-0: Called Strike
1-1: Ground out 6-3 (Groundball, 56)
Batting: RHB Pancho Torres 0-0: Ground out 6-3 (Groundball, 6)
Batting: RHB Felipe Domínguez 0-0: Called Strike
0-1: Ball
1-1: Foul Ball, location: 2F
1-2: Foul Ball, location: 2F
1-2: Ball
2-2: Ball
3-2: Ground out 6-3 (Groundball, 6)
Top of the 8th over - 0 run(s), 0 hit(s), 0 error(s), 0 left on base; Bismarck 3 - La Crosse 2
BOTTOM OF THE 8TH
La Crosse Loggers batting - Pitching for Bismarck Barons : RHP Edgar Villa
Pitching: LHP Christiano Gomes
Now at 3B: Mark Roy
Batting: LHB Ralph Cobb 0-0: Fly out, F5 (Popup, 5L)
Batting: RHB Mark Arnold 0-0: Ball
1-0: Ball
2-0: Ball
3-0: Called Strike
3-1: Swinging Strike
3-2: Foul Ball, location: 2F
3-2: Foul Ball, location: 2F
3-2: Base on Balls
Batting: RHB Juan García 0-0: Fly out, F9 (Flyball, 9S)
Pinch Hitting: RHB Manuel Pérez 0-0: Ground out 1-3 (Groundball, 15S)
Bottom of the 8th over - 0 run(s), 0 hit(s), 0 error(s), 1 left on base; Bismarck 3 - La Crosse 2
TOP OF THE 9TH
Bismarck Barons batting - Pitching for La Crosse Loggers : RHP Michael Peterson
Pitching: RHP Derrick Hall
Now at SS: Robert Acosta
Batting: SHB Álex Hernández 0-0: Fly out, F9 (Line Drive, 9)
Batting: RHB Fernando Castellanos 0-0: Ball
1-0: Ball
2-0: Ball
3-0: Called Strike
3-1: Called Strike
3-2: Fly out, F7 (Flyball, 78M)
Batting: RHB Seiji Kouno 0-0: Ball
1-0: Foul Ball, location: 2F
1-1: Ball
2-1: Called Strike
2-2: Ball
3-2: Foul Ball, location: 2F
3-2: Foul Ball, location: 2F
3-2: Foul Ball, location: 2F
3-2: Foul Ball, location: 2F
3-2: Base on Balls
Batting: RHB Michael Thomas 0-0: Called Strike
0-1: Ball
1-1: Foul Ball, location: 2F
1-2: Ball
Wild Pitch!
Seiji Kouno to second
2-2: 2-RUN HOME RUN (Flyball, 8LXD), Distance : 416 ft
Pitching: LHP Pablo Solíz
Batting: LHB John Frost 0-0: Foul Ball, location: 2F
0-1: Ball
1-1: Foul Ball, location: 2F
1-2: Foul Ball, location: 2F
1-2: Ball
2-2: Foul Ball, location: 2F
2-2: Fly out, F8 (Line Drive, 8RD)
Top of the 9th over - 2 run(s), 1 hit(s), 0 error(s), 0 left on base; Bismarck 5 - La Crosse 2
BOTTOM OF THE 9TH
La Crosse Loggers batting - Pitching for Bismarck Barons : LHP Christiano Gomes
Pitching: RHP Wilson Molina
Batting: RHB Aurelio Cruz 0-0: Swinging Strike
0-1: Foul Ball, location: 2F
0-2: Strikes out swinging
Batting: SHB Dave Henley 0-0: Ball
1-0: Ball
2-0: Ball
3-0: Called Strike
3-1: Fly out, F9 (Line Drive, 9)
Batting: LHB Ramón Morales 0-0: Swinging Strike
0-1: Called Strike
0-2: Strikes out swinging
Bottom of the 9th over - 0 run(s), 0 hit(s), 0 error(s), 0 left on base; Bismarck 5 - La Crosse 2
Thursday, March 30th, 2017 - OOTP Baseball 17.12 Build 75